 Dungeon Crawl Stone Soup version 0.27.1-33-g824d729ab1 (webtiles) character file.

Game seed: 10690409267069564710

9 comborobin the Sneak (level 2, 0/24 HPs)
             Began as a Merfolk Delver on Dec 28, 2021.
             Was an Initiate of Ashenzari.
             Succumbed to a kobold brigand's poison
             ... on level 6 of the Dungeon.
             The game lasted 00:00:47 (100 turns).

comborobin the Sneak (Merfolk Delver)                Turns: 100, Time: 00:00:47

Health: 0/24       AC:  3    Str: 12    XL:     2   Next: 16%
Magic:  2/2        EV: 12    Int:  9    God:    Ashenzari [......]
Gold:   0          SH:  0    Dex: 15    Spells: 1/1 levels left

rFire    . . .     SeeInvis .     - Unarmed
rCold    . . .     Faith    .   (no shield)
rNeg     . . .     Spirit   .   a - +0 leather armour
rPois    .         Reflect  .   (no helmet)
rElec    .         Harm     .   (no cloak)
rCorr    .         Rampage  .   (no gloves)
Will     .....                  (no boots)
Stlth    +++.......             (no amulet)
HPRegen  0.08/turn              (no ring)
MPRegen  0.08/turn              (no ring)

@: lethally poisoned (0 -> -3), hasted, very quick
A: (nimble swimmer 2), mertail
a: Renounce Religion


You were on level 6 of the Dungeon.
You worshipped Ashenzari.
Ashenzari was noncommittal.
You visited 2 branches of the dungeon, and saw 3 of its levels.

Inventory:

Armour
 a - a +0 leather armour (worn)
Wands
 f - a wand of digging (3)
Scrolls
 b - a scroll of summoning
 d - a scroll of fear


   Skills:
 - Level 3.2 Fighting
 - Level 2.6 Dodging
 - Level 5.4 Stealth
 + Level 3.1 Unarmed Combat


You had one spell level left.
You didn't know any spells.
Your spell library was empty.

Dungeon Overview and Level Annotations

Branches:
Dungeon (6/15)             Temple (1/1) D:6

Altars:
Ashenzari
Elyvilon
Qazlal
Ru
Trog
Vehumet
Wu Jian
Xom
Yredelemnul
The Shining One


Innate Abilities, Weirdness & Mutations

((You are quick and stealthy near water. (Stealth+, EV+, Speed+++)))
Your lower body shifts to a powerful aquatic tail in water.


Message History

Your legs become a tail as you enter the water.
The kobold brigand throws a poisoned dart.
The poisoned dart hits you!
You are poisoned.
Found a dagger.
You feel sick.
You feel sick.
As you read the scroll of magic mapping, it crumbles to dust.
You feel aware of your surroundings.
You sensed 2 altars, and 1 shop/portal.
You feel sick.
You feel sick.
The kobold throws a stone.
The stone barely misses you.
You feel sick.
You see here a scroll of summoning.
b - a scroll of summoning You feel sick.
You feel sick.
An adder comes into view.
The kobold brigand throws a poisoned dart.
The poisoned dart completely misses you.
You feel sick.
The adder hisses angrily.
You feel sick.
You are no longer poisoned.
The kobold brigand throws a poisoned dart.
The poisoned dart hits you!
You are lethally poisoned!
* * * LOW HITPOINT WARNING * * *
You feel very sick.
Found a scale mail and a green potion.
Found a stone staircase leading down.
* * * LOW HITPOINT WARNING * * *
You feel sick.
You feel yourself speed up.
* * * LOW HITPOINT WARNING * * *
You feel sick.
* * * LOW HITPOINT WARNING * * *
You feel sick.
Found a whip.
* * * LOW HITPOINT WARNING * * *
You feel sick.
You die...

*,*,,.,...##.###..# *....
*,*,*..##.#...##).######.##
*,*,*.....................K
*,*,*#........*#...K....≈≈≈
*,,,,.>....#.###......≈≈≈≈≈
***,**,*#....S.S....≈≈≈≈≈≈§
*,**,*##.#.###.#.≈≈≈≈§§§§
*,*#)###.#.###.#.≈≈≈≈≈§§§
*,*#....@.........S....§§
*,*#####.[..###..≈≈≈≈≈≈§§
*,*****###..# #...≈≈≈≈≈≈≈
*,,,,,,,,...# #.....≈≈≈≈≈
*,,,,,,,,!.## ##......≈≈≈
*,,,*****###* #.........
*,<,,,,,,,,,* *######.##
**,,*******,* #... ***,,*
*,* ####


There were no monsters in sight!

Vanquished Creatures
  An adder (Temple)
1 creature vanquished.

Notes
Turn   | Place    | Note
-------+----------+-------------------------------------------
     0 | D:5      | comborobin the Merfolk Delver began the quest for the Orb.
     0 | D:5      | Reached XP level 1. HP: 18/18 MP: 1/1
     1 | D:6      | Found a staircase to the Ecumenical Temple.
     3 | D:6      | Noticed an orc priest
     3 | D:6      | Noticed an orc wizard
     3 | D:6      | Noticed an orc priest
     4 | D:6      | Noticed an orc wizard
     8 | D:6      | Noticed a kobold brigand
    10 | Temple   | Entered the Ecumenical Temple
    18 | Temple   | Reached XP level 2. HP: 23/24 MP: 2/2
    71 | Temple   | Became a worshipper of Ashenzari the Shackled
    99 | D:6      | HP: 1/24 [poisoned by a kobold brigand]
   100 | D:6      | Succumbed to a kobold brigand's poison

Illustrated notes

Levels and vault maps discovered:
D:5:      layout_loops_ring, grunt_dithmenos_shadows, minmay_crystal_room,
          uniq_edmund
D:6:      layout_loops_ring, kennysheep_mini_moat,
          mainiacjoe_overflow_small_starburst, temple_pool_b, serial_shops, shop
Temple:   eino_temple_lava

Skill      XL: |  1 |
---------------+----+-----
Unarmed Combat | 3 |  3.1
Fighting       | |  3.2
Dodging        | |  2.6
Stealth        | |  5.4

Action                   || total
-------------------------++-------
Melee: Unarmed           ||     7
  Use: Scroll            ||     2
       Potion            ||     1
Armor: Leather armour    ||     3
Dodge: Dodged            ||     8
